 Dungeon Crawl Stone Soup version 0.31-a0-1278-g11c5b68f87 (webtiles) character file.

Game seed: 2198624293320693373

122 grandjackal the Slasher (level 4, -6/39 HPs)
             Began as a Draconian Gladiator on Dec 18, 2023.
             Mangled by a wight
             ... wielding a +4 great sword
              (12 damage)
             ... on level 7 of the Dungeon.
             The game lasted 00:02:16 (2111 turns).

grandjackal the Slasher (Draconian Gladiator)       Turns: 2111, Time: 00:02:18

Health: -6/39      AC:  5    Str: 16    XL:     4   Next: 78%
Magic:  4/4        EV: 13    Int:  8    God:
Gold:   117        SH:  0    Dex: 15    Spells: 3/3 levels left

rFire   . . .        a - +0 long sword
rCold   . . .        (no shield)
rNeg    . . .        (body armour unavailable)
rPois   .            b - +0 hat
rElec   .            (no cloak)
rCorr   .            (no gloves)
SInv    .            (no boots)
Will    .....        (no amulet)
Stlth   +            (no ring)
HPRegen 0.26/turn    (no ring)
MPRegen 0.09/turn

%: no passive effects
@: no status effects
A: AC +5, unfitting armour, cold-blooded
a: no special abilities


You were on level 7 of the Dungeon.
You visited 1 branch of the dungeon, and saw 5 of its levels.

You collected 117 gold pieces.

Inventory:

Hand Weapons
 a - a +0 long sword (weapon)
Missiles
 c - 2 throwing nets (quivered)
 d - a javelin
 f - 4 boomerangs
Armour
 b - a +0 hat (worn)
 q - a +0 buckler
Jewellery
 v - the ring of the Mage {Wiz Archmagi}
   (You found it on level 6 of the Dungeon)

   [ring of wizardry]

   Wiz:       It improves your spell success rate.
   Archmagi:  It increases the power of your magical spells.
Scrolls
 i - a scroll of fear {unknown}
 j - 2 scrolls of vulnerability {unknown}
 k - 2 scrolls of identify {unknown}
 l - a scroll of enchant weapon {unknown}
 r - a scroll of blinking {unknown}
 u - a scroll of fog {unknown}
Potions
 e - 2 potions of brilliance {unknown}
 g - a potion of ambrosia {unknown}
 h - 2 potions of cancellation {unknown}
 m - 2 potions of resistance {unknown}
 n - a potion of enlightenment {unknown}
 o - a potion of berserk rage {unknown}
 p - 2 potions of heal wounds {unknown}
 s - a potion of mutation {unknown}
 t - 2 potions of curing {unknown}


   Skills:
 + Level 3.6 Fighting
 + Level 4.0 Long Blades
 - Level 2.0 Throwing
 - Level 3.0 Dodging
 + Level 1.7 Shields


You had 3 spell levels left.
You didn't know any spells.
Your spell library contained the following spells:

 Spells                   Type           Power      Damage    Failure   Level
 Hailstorm                Conj/Ice       0%         3d5       78%         3
 Summon Ice Beast         Ice/Summ       0%         N/A       99%         4
 Simulacrum               Ice/Necr       0%         N/A       100%        6


Dungeon Overview and Level Annotations

Branches:
Dungeon (7/15)
 Temple: D:4-7

Altars:
Qazlal

Shops:
D:2 :


Innate Abilities, Weirdness & Mutations

Your plain brown scales are hard. (AC +5)
You cannot fit into any form of body armour.
You are cold-blooded and may be slowed by cold attacks.


Message History

A wight comes into view. It is wielding a +3 mace.
Found a scroll labelled KAFUAZ YNYECO.
You see here the ring of the Mage {Wiz Archmagi}.
v - the ring of the Mage {Wiz Archmagi}
There is an escape hatch in the floor here.
The wight barely misses you.
You slide downwards.
The hatch slams shut behind you.
Found a helmet.
Found a stone staircase leading up.
The bullfrog gives a loud, deep croak!
The wight barely misses you. The wight misses you.
You barely miss the wight.
The wight hits you with a +4 great sword!
The wight misses you.
You slash the wight!
The wight is heavily damaged.
The wight closely misses you.
You hit the wight but do no damage.
The wight is heavily damaged.
The wight barely misses you.
You hit the wight but do no damage.
The wight is heavily damaged.
The wight closely misses you.
You hit the wight.
You tail-slap the wight, but do no damage.
The wight is heavily damaged.
The wight hits you with a +4 great sword!
You closely miss the wight.
You tail-slap the wight, but do no damage.
The wight is heavily damaged.
The wight hits you with a +4 great sword!
The wight closely misses you.
You barely miss the wight.
The wight is heavily damaged.
The wight hits you with a +4 great sword!
* * * LOW HITPOINT WARNING * * *
You hit the wight but do no damage.
The wight is heavily damaged.
The wight hits you with a +4 great sword!
You die...

....######
#.........
#Y........
#.........
#.[.......
#.........
#####.........
#.zFY.........
#@###.........
#...#
#.........
#..###
########.. #.#
. ... .## .


You could see an ice beast, a bullfrog and a wight.

Vanquished Creatures
  Terence (D:2)
  An adder (D:3)
  4 gnolls (D:2)
  A dart slug (D:1)
  2 orcs
  3 ball pythons (D:2)
  5 bats
  2 endoplasms
  A giant cockroach (D:1)
  5 goblins
  4 hobgoblins
  3 jackals (D:1)
  5 kobolds (D:2)
  2 quokkas
  2 frilled lizards (D:2)
  3 rats
44 creatures vanquished.

Vanquished Creatures (others)
  A butterfly (D:6)
1 creature vanquished.

Grand Total: 45 creatures vanquished

Notes
Turn   | Place    | Note
-------+----------+-------------------------------------------
     0 | D:1      | grandjackal the Draconian Gladiator began the quest for the
                  | Orb.
     0 | D:1      | Reached XP level 1. HP: 17/17 MP: 1/1
   172 | D:1      | Reached XP level 2. HP: 25/25 MP: 2/2
   936 | D:2      | Found a stormy altar of Qazlal.
   978 | D:2      | Found Laless's Book Boutique.
  1038 | D:2      | Reached XP level 3. HP: 26/30 MP: 3/3
  1260 | D:2      | Reached skill level 1 in Shields
  1267 | D:2      | Reached XP level 4. HP: 16/38 MP: 4/4
  1661 | D:2      | Noticed Terence
  1682 | D:2      | Killed Terence
  2032 | D:3      | Reached skill level 4 in Long Blades
  2070 | D:3      | You fall into a shaft and drop 3 floors!
  2088 | D:6      | Found the ring of the Mage {Wiz Archmagi}
  2097 | D:7      | Noticed an ice beast
  2097 | D:7      | Noticed a bullfrog
  2111 | D:7      | Mangled by a wight

Illustrated notes

Levels and vault maps discovered:
D:1:      roderic_dead_forest, layout_loops_corners
D:2:      layout_loops_ring, serial_shops, shop, basic_altar,
          minmay_pentomino_w4, uniq_terence
D:3:      layout_basic, kennysheep_slug_shrine, dilly_guarded_unrand_morg
D:6:      layout_loops_corners, nicolae_elyvilon_peaceful_grove, serial_shops,
          nicolae_stop_n_shop_1
D:7:      cheibrodos_helix_gallery, layout_rooms

Skill      XL: |  1  2  3  4 |
---------------+-------------+-----
Throwing       | 2 |  2.0
Dodging        | 3 |  3.0
Fighting       | 3 |  3.6
Shields        | 1 |  1.7
Long Blades    | 4 |  4.0

Action                     |  1- 3 |  4- 6 || total
---------------------------+-------+-------++-------
  Melee: Long sword        |    82 |    69 ||   151
         Tailslap          |     6 |    12 ||    18
         Punch             |     1 |       ||     1
  Throw: Throwing net      |       |     2 ||     2
   Stab: Sleeping          |     2 |     1 ||     3
 Armour: Skin              |    50 |    39 ||    89
  Dodge: Dodged            |    58 |    51 ||   109

Table legend: (Time is in decaauts)
 A = Elapsed time spent in this place.
 B = Non-inter-level travel time spent in this place.
 C = Inter-level travel time spent in this place.
 D = Time resting spent in this place.
 E = Time spent auto-exploring this place.
 F = Levels seen in this place.
 G = Mean time per level.
                   A        B        C        D        E       F      G
               +--------+--------+--------+--------+--------+-----+--------+
         Total |   2142 |   2108 |     34 |    220 |   1421 |   5 |  428.4 |
       Dungeon |   2142 |   2108 |     34 |    220 |   1421 |   5 |  428.4 |
               +--------+--------+--------+--------+--------+-----+--------+

Top non-repeatable levels by time:
     D:2: 1086 daAuts
     D:1: 930 daAuts
     D:3: 83 daAuts
     D:6: 26 daAuts
     D:7: 15 daAuts
